 Dungeon Crawl Stone Soup version 0.30.1-9-gdf580d7c3d (webtiles) character file.

Game seed: 6552942112220279247

95 eliilek the Cudgeller (level 4, 0/39 HPs)
             Began as a Minotaur Berserker on Oct 10, 2023.
             Was a Believer of Trog.
             Slain by Crazy Yiuf
             ... wielding a +4 quarterstaff of chaos
              (1 damage)
             ... on level 2 of the Dungeon.
             The game lasted 00:04:02 (1991 turns).

eliilek the Cudgeller (Minotaur Berserker)          Turns: 1991, Time: 00:04:02

Health: 0/39       AC:  7    Str: 24    XL:     4   Next: 39%
Magic:  3/3        EV: 10    Int:  4    God:    Trog [**....]
Gold:   108        SH:  7    Dex:  9    Spells: 3/3 levels left

rFire   . . .        a - +0 mace
rCold   . . .        k - +0 kite shield
rNeg    . . .        o - +0 ring mail
rPois   .            (helmet restricted)
rElec   .            r - +0 cloak
rCorr   .            (no gloves)
SInv    .            m - +0 pair of boots
Will    .....        (no amulet) Stlth
                     (no ring)
HPRegen 0.26/turn    (no ring)
MPRegen 0.08/turn

%: no passive effects
@: no status effects
A: horns 2, retaliatory headbutt
a: Renounce Religion, Berserk, Trog's Hand


You were on level 2 of the Dungeon.
You worshipped Trog.
Trog was pleased with you.
You visited 1 branch of the dungeon, and saw 2 of its levels.

You collected 108 gold pieces.

Inventory:

Hand Weapons
 a - a +0 mace (weapon)
 b - a +0 sling
Missiles
 l - a throwing net (quivered)
Armour
 k - a +0 kite shield (worn)
 m - a +0 pair of boots (worn)
 o - a +0 ring mail (worn)
 r - a +0 cloak (worn)
Wands
 q - a wand of flame (18)
Scrolls
 c - 4 scrolls of amnesia {unknown}
 d - a scroll of enchant weapon {unknown}
 f - a scroll of fear {unknown}
 g - 3 scrolls of identify {unknown}
 h - a scroll of fog {unknown}
 i - 3 scrolls of magic mapping {unknown}
 p - a scroll of teleportation {unknown}
Potions
 e - 2 potions of curing {unknown}
 j - a potion of ambrosia {unknown}
 n - a potion of haste {unknown}


   Skills:
 - Level 3.6 Fighting
 * Level 5.8 Maces & Flails
 - Level 2.4 Armour
 - Level 2.1 Dodging
 + Level 2.1 Shields


You had 3 spell levels left.
You didn't know any spells.
Your spell library was empty.

Dungeon Overview and Level Annotations

Branches:
Dungeon (2/15)

Altars:

Annotations:
D:2 Crazy Yiuf


Innate Abilities, Weirdness & Mutations

You have a pair of horns on your head.
You reflexively headbutt those who attack you in melee.


Message History

An adder comes into view.
Found a whip.
The adder hisses angrily.
The adder bites you but does no damage.
You hit the adder. You headbutt the adder!
The adder is almost dead.
The adder bites you but does no damage.
You sock the adder!
You kill the adder!
Trog accepts your kill.
No target in view!
You now have 108 gold pieces (gained 11).
Found a hammer.
No target in view!
Found a hammer.
You see here a +0 hammer.
Found seven hammers.
Found a runed translucent door.
You see here a +0 hammer of venom.
Found a hammer.
You see here a +0 hammer.
You see here a +0 hammer.
Found three hammers.
You see here a +0 hammer.
As you open the door, it creaks loudly!
You hit Crazy Yiuf.
Crazy Yiuf is lightly wounded.
Crazy Yiuf hits you with a +4 quarterstaff of chaos!
Crazy Yiuf burns you.
You hit Crazy Yiuf.
Crazy Yiuf is moderately wounded.
Crazy Yiuf whimpers, "Mama green tea!"
You block Crazy Yiuf's attack.
Crazy Yiuf hits you with a +4 quarterstaff of chaos!
* * * LOW HITPOINT WARNING * * *
You thump Crazy Yiuf!
Crazy Yiuf is severely wounded.
Crazy Yiuf hits you with a +4 quarterstaff of chaos!
* * * LOW HITPOINT WARNING * * *
Crazy Yiuf burns you.
You die...

#......).#....##...
########.##..##....
#.#..##...). #####
#.#.##...... #).)#
#.###......# #)))#
#.##......## )))
#.#......### #g#
#.#+#......# ##@#
#.# ###..... #)##
#.# ###... ##)# #.#
###. #)## #.# ##
##)## #.# #)..##
#.# #....# #.#
#....# #.## #....#
#..#


You could see Crazy Yiuf.

Vanquished Creatures
  Robin (D:2)
  4 adders (D:2)
  2 worms (D:2)
  3 bats
  An endoplasm (D:1)
  7 goblins
  9 hobgoblins
  3 jackals (D:1)
  2 quokkas
  A ball python (D:2)
  2 frilled lizards
  2 kobolds
  2 rats (D:2)
39 creatures vanquished.

Notes
Turn   | Place    | Note
-------+----------+-------------------------------------------
     0 | D:1      | eliilek the Minotaur Berserker began the quest for the Orb.
     0 | D:1      | Reached XP level 1. HP: 19/19 MP: 0/0
   187 | D:1      | Reached skill level 4 in Maces & Flails
   385 | D:1      | Reached XP level 2. HP: 18/26 MP: 1/1
  1503 | D:2      | Reached skill level 5 in Maces & Flails
  1503 | D:2      | Reached XP level 3. HP: 28/31 MP: 2/2
  1539 | D:2      | Reached skill level 1 in Shields
  1543 | D:2      | Noticed Robin
  1554 | D:2      | Reached ** piety under Trog
  1570 | D:2      | Killed Robin
  1667 | D:2      | Reached XP level 4. HP: 39/39 MP: 3/3
  1984 | D:2      | Found a runed translucent door.
  1985 | D:2      | Noticed Crazy Yiuf
  1991 | D:2      | HP: 1/39 [Crazy Yiuf/+4 quarterstaff of chaos (10)]
  1991 | D:2      | Slain by Crazy Yiuf

Illustrated notes

Levels and vault maps discovered:
D:1:      beargit_arrival_diablo_church, layout_basic, serial_curves,
          eino_curves_02, eino_curves_01, kennysheep_flooded_box
D:2:      minmay_razor_zed, layout_basic, minmay_misc_feat_columns,
          kennysheep_generic_room_7, uniq_robin, uniq_crazy_yiuf_cottage

Skill      XL: |  1  2  3  4 |
---------------+-------------+-----
Maces & Flails | 4 5 |  5.8
Shields        | 1 2 |  2.1
Fighting       | |  3.6
Armour         | |  2.4
Dodging        | |  2.1

Action                     |  1- 3 |  4- 6 || total
---------------------------+-------+-------++-------
  Melee: Mace              |    90 |    15 ||   105
         Headbutt          |     9 |     2 ||    11
 Armour: Animal skin       |     3 |       ||     3
         Leather armour    |     7 |       ||     7
         Ring mail         |    13 |     4 ||    17
  Dodge: Dodged            |    37 |     4 ||    41
  Block: Kite shield       |    14 |     5 ||    19
